AoeStats
← FJL

Arabia

508458197Analyzed
1v1 RM · 10d ago on Sep 22, 2026· 55m 45s· 2 players
Game mode
Random Map
Map size
Tiny (2 player)
Population
200
Speed
Normal
Resources
Standard
Victory
Conquest
Starting age
Dark Age
Ending age
Imperial Age
RankedLock teamsTeams togetherTeam positionsShared explorationLock speedFull tech treeHidden civsTurbo modeCheats
Victory
Defeat
🇦🇷 Chinese · Argentina
1821
+12
🇬🇧 Celts · United Kingdom
1739
-12
Ronnie Hotdogs
9:35 Loom
11:54 Feudal Age
15:47 Castle Age
14:12 Double-Bit Axe
14:54 Town Watch
16:54 Bow Saw
19:48 Horse Collar
27:02 Wheelbarrow
27:09 Stone Mining
26:52 Pikeman
32:53 Imperial Age
30:12 Man-at-Arms
30:54 Scale Mail Armor
31:18 Gambesons
31:45 Forging
32:36 Chain Mail Armor
32:08 Long Swordsman
33:03 Heavy Plow
34:08 Iron Casting
33:17 Heavy Scorpion
34:50 Plate Mail Armor
34:41 Masonry
34:35 Two-Handed Swordsman
36:29 Ballistics
35:49 Capped Ram
37:34 Blast Furnace
36:32 Halberdier
37:48 Conscription
40:27 Hand Cart
40:06 Fletching
41:50 Siege Engineers
42:55 Chemistry
42:34 Arson
43:56 Siege Ram
45:31 Furor Celtica
45:37 Treadmill Crane
47:04 Guilds
47:46 Bodkin Arrow
50:46 Champion
FJL
0:25 Loom
9:00 Feudal Age
9:29 Double-Bit Axe
10:22 Horse Collar
11:48 Fletching
12:51 Horse Collar
19:37 Castle Age
18:39 Scale Barding Armor
18:51 Gold Mining
19:35 Bloodlines
20:28 Bodkin Arrow
23:58 Bow Saw
24:31 Wheelbarrow
25:17 Heavy Plow
25:47 Town Watch
27:28 Stone Mining
28:22 Hand Cart
31:15 Imperial Age
31:22 Imperial Age
29:35 Forging
30:02 Husbandry
29:24 Crossbowman
32:09 Chain Barding Armor
31:55 Padded Archer Armor
32:10 Cavalier
33:26 Plate Barding Armor
34:39 Bracer
35:54 Conscription
36:41 Chemistry
36:02 Ballistics
36:49 Iron Casting
39:43 Leather Archer Armor
41:58 Thumb Ring
42:24 Ring Archer Armor
43:15 Blast Furnace
44:11 Great Wall
43:36 Elite Chu Ko Nu
46:53 Masonry
48:08 Heavy Rocket Cart
51:37 Two-Man Saw
52:31 Rocketry
54:01 Light Cavalry
Connection lost

Rejoining the realm…

Still unreachable

The connection could not be restored.

Session expired

The server has moved on; the page needs a fresh start.